 Dungeon Crawl Stone Soup version 0.17-a0-744-gaa96792 (webtiles) character file.

121 Fotor the Ruffian (level 4, -12/44 HPs)
             Began as a Troll Fighter on Apr 22, 2015.
             Mangled by an ogre
             ... wielding a +0 giant club
              (22 damage)
             ... on level 4 of the Dungeon.
             The game lasted 00:06:36 (1589 turns).

Fotor the Ruffian (Troll Fighter)                   Turns: 1589, Time: 00:06:36

Health: -12/44     AC:  7    Str: 24    XL:     4   Next: 77%
Magic:  3/3        EV:  8    Int:  5    God:
Gold:   112        SH:  9    Dex: 14    Spells: 0 memorised, 3 levels left

rFire  + . .     SeeInvis .       - Unarmed
rCold  . . .     Clarity  .     a - +0 robe
rNeg   . . .     SustAb   .     b - +0 shield
rPois  .         Gourm    +     (helmet restricted)
rElec  .         Spirit   .     o - +1 cloak
rCorr  .         Warding  .     (gloves unavailable)
rMut   .         Stasis   .     (boots unavailable)
MR     .....                    (no amulet)
Stlth  +.........               k - ring of protection from fire
                                e - +5 ring of dexterity

@: not resistant to hostile enchantments, very unstealthy
A: unfitting armour, claws 3, fast metabolism 3, gourmand, regeneration 2,
shaggy fur 1, tough skin 2
a: no special abilities


You were on level 4 of the Dungeon.
You were full.

You visited 1 branch of the dungeon, and saw 4 of its levels.

You collected 112 gold pieces.

Inventory:

Missiles
 m - 14 poisoned needles
 s - a throwing net (quivered)
Armour
 a - a +0 robe (worn)
 b - a +0 shield (worn)
 o - a +1 cloak (worn)
 u - a fire dragon hide
Jewellery
 e - a +5 ring of dexterity (left claw)
 f - an uncursed ring of ice
 k - a ring of protection from fire (right claw)
Magical devices
 y - a wand of disintegration (18)
Scrolls
 h - a scroll of teleportation
 i - 3 scrolls of identify
 x - a scroll of remove curse
Potions
 c - 2 potions of might
 g - a potion of heal wounds {unknown}
 j - a potion of ambrosia {unknown}
 l - a potion of agility {unknown}
 n - 2 potions of curing {unknown}
 q - a potion of flight {unknown}
 r - 2 potions of mutation
 v - a potion of lignification {unknown}
Comestibles
 d - 6 bread rations
 p - a beef jerky
 t - a royal jelly


   Skills:
 - Level 2.4 Fighting
 - Level 2.4 Dodging
 + Level 3.2 Shields
 * Level 4.2 Unarmed Combat


You had 3 spell levels left.
You didn't know any spells.

Dungeon Overview and Level Annotations

Branches:
Dungeon (4/15)
 Temple: D:4-7

Altars:
Gozag
Zin

Annotations:
D:2 Sigmund


Innate Abilities, Weirdness & Mutations

You are too large for most types of armour.
You have claws for hands.
Your metabolism is lightning-fast.
You like to eat raw meat.
You heal very quickly.
You are covered in fur (AC +1).
You have very tough skin (AC +2).


Message History

The ogre is severely wounded.
The ogre hits you with a giant club!
You scratch the ogre.
The ogre is severely wounded.
You scratch the ogre.
The ogre is almost dead.
You block the ogre's attack.
You barely miss the ogre.
The ogre is almost dead.
The ogre hits you with a giant club!!
* * * LOW HITPOINT WARNING * * *
You are too injured to fight recklessly!
You are too injured to fight recklessly!
Drink which item? (? for menu, Esc to quit)
Okay, then.
You scratch the ogre.
The ogre is almost dead.
The ogre hits you with a giant club!!
Ouch! That really hurt!
You die...

. ##+#.. #..... +....
+####.... .........#
.........+
.........###+##
..........@O...#
##+##+#####'#.....#
............#.....#
............#.....#
.............+.....+
#.#######'##.##.....#
##.#######.##.####+#..
.........'......... .
....##..##########


You could see an ogre (bleeding).

Vanquished Creatures
  A quasit (D:3)
  4 adders
  An ooze (D:1)
  A worm (D:3)
  7 bats
  2 hobgoblins
  5 jackals
  5 kobolds
  3 quokkas
  2 giant cockroaches
  4 giant newts
  6 goblins
  3 rats (D:2)
44 creatures vanquished.

Notes
Turn   | Place    | Note
--------------------------------------------------------------
     0 | D:1      | Fotor, the Troll Fighter, began the quest for the Orb.
     0 | D:1      | Reached XP level 1. HP: 22/22 MP: 0/0
   160 | D:1      | Reached XP level 2. HP: 26/29 MP: 1/1
   505 | D:2      | Reached skill level 3 in Unarmed Combat
   505 | D:2      | Reached XP level 3. HP: 36/36 MP: 2/2
   929 | D:2      | Noticed Sigmund
   977 | D:3      | Reached XP level 4. HP: 34/44 MP: 3/3
  1035 | D:3      | Found a glowing silver altar of Zin.
  1105 | D:3      | Reached skill level 4 in Unarmed Combat
  1465 | D:3      | Found an opulent altar of Gozag.
  1577 | D:4      | Noticed an ogre
  1589 | D:4      | Mangled by an ogre

Action                   |  1- 3 |  4- 6 || total
-------------------------+-------+-------++-------
Melee: Unarmed           |    86 |    51 ||   137
  Use: Scroll            |     5 |       ||     5
 Stab: Sleeping          |       |     2 ||     2
  Eat: Chunk             |    13 |     4 ||    17
